 Dungeon Crawl Stone Soup version 0.30.0-19-g36f170ea60 (webtiles) character file.

Game seed: 9489871294197356405

22585 jfcaron the Covert (level 13, -7/90 HPs)
             Began as a Gnoll Brigand on May 28, 2023.
             Was a Plaything of Xom.
             Mangled by a bog body (27 damage)
             ... on level 3 of the Lair of Beasts.
             The game lasted 00:42:15 (13112 turns).

jfcaron the Covert (Gnoll Brigand)                 Turns: 13112, Time: 00:42:15

Health: -7/90      AC: 12    Str: 15    XL:     13   Next: 1%
Magic:  25/25      EV: 17    Int: 11    God:    Xom [*.....]
Gold:   286        SH: 20    Dex: 18    Spells: 28/28 levels left

rFire   . . .        K - +0 short sword (elec)
rCold   . . .        h - +0 kite shield
rNeg    . . .        P - +1 scale mail {rPois}
rPois   +            D - +0 mask of the Dragon {Will+ Slay+3 SInv}
rElec   .            u - +2 cloak of the Thief {*Fog Slay-2 SInv Stlth+}
rCorr   .            (no gloves)
SInv    +            (no boots)
Will    +....        C - amulet of reflection
Stlth   +++++        k - +5 ring of evasion
HPRegen 0.35/turn    G - +6 ring of dexterity
MPRegen 0.19/turn

%: reflection
@: no status effects
A: fangs 1, strong nose, distributed training, horns 2, large bone plates 1,
clumsy 1, frail 1, mutation resistance 1, wild magic 1
a: Renounce Religion


You were on level 3 of the Lair of Beasts.
You worshipped Xom.
You were a special plaything of Xom.
You visited 2 branches of the dungeon, and saw 12 of its levels.
You also visited: Sewer and Bailey.

You collected 763 gold pieces.
You spent 477 gold pieces at shops.

Inventory:

Hand Weapons
 b - a +0 antimagic short sword
   (You took it off an orc on level 7 of the Dungeon)
 K - a +0 short sword of electrocution (weapon)
   (You took it off an orc on level 7 of the Dungeon)
 L - a +2 rapier of protection
   (You found it on level 2 of the Lair of Beasts)
 U - a +0 demon whip of venom
   (You took it off Amaemon on level 1 of the Lair of Beasts)
 V - a +1 broad axe of chaos
   (Xom gifted it to you on level 8 of the Dungeon)
Missiles
 a - a javelin
 E - 28 poisoned darts
 Q - 29 stones (quivered)
 S - 3 curare-tipped darts {!f}
 T - 8 boomerangs
Armour
 h - a +0 kite shield (worn)
 u - the +2 cloak of the Thief (worn) {*Fog Slay-2 SInv Stlth+}
   (Xom gifted it to you in a sewer)

   *Fog:      It may release a thick cloud of smoke when the wearer is hurt.
   Slay:      It affects your accuracy & damage with ranged weapons and melee
   (-2).
   SInv:      It lets you see invisible.
   Stlth:     It makes you more stealthy.
 D - the +0 mask of the Dragon (worn) {Will+ Slay+3 SInv}
   (You bought it in a shop on level 9 of the Dungeon)

   Slay:      It affects your accuracy & damage with ranged weapons and melee
   (+3).
   SInv:      It lets you see invisible.
   Will:      It increases your willpower.
 H - a scarf of resistance
   (You found it on level 5 of the Dungeon)
 O - a +0 plate armour
 P - a +1 scale mail of poison resistance (worn)
   (You bought it in a shop on level 6 of the Dungeon)
Jewellery
 g - a +6 ring of intelligence
   (You found it on level 7 of the Dungeon)
 j - a ring of willpower
   (You found it on level 4 of the Dungeon)
 k - a +5 ring of evasion (left hand)
   (You found it on level 1 of the Dungeon)
 o - a ring of fire
   (You found it on level 3 of the Dungeon)
 s - a ring of positive energy
 C - an amulet of reflection (around neck)
   (You found it on level 3 of the Dungeon)
 G - a +6 ring of dexterity (right hand)
   (You found it on level 5 of the Dungeon)
Wands
 d - a wand of acid (4)
 l - a wand of flame (30)
 Y - a wand of mindburst (1)
Scrolls
 n - 2 scrolls of identify
 r - 7 scrolls of teleportation
 v - 7 scrolls of summoning
 x - 2 scrolls of poison
 y - a scroll of fear
 F - 7 scrolls of enchant weapon
 I - 3 scrolls of amnesia
 J - 2 scrolls of torment
 N - a scroll of fog
 W - a scroll of blinking
 Z - a scroll of brand weapon
Potions
 c - 6 potions of attraction
 e - a potion of haste
 f - 3 potions of degeneration
 i - 8 potions of might
 m - 3 potions of brilliance
 p - 5 potions of curing
 q - 3 potions of mutation
 t - 3 potions of ambrosia
 w - 5 potions of heal wounds
 z - 3 potions of cancellation
 A - 4 potions of flight
 B - a potion of lignification
 M - a potion of magic
 R - a potion of resistance
Miscellaneous
 X - a box of beasts (inert)
   (You found it on level 3 of the Lair of Beasts)


   Skills:
 + Level 9.5 Fighting
 + Level 9.5 Short Blades
 + Level 8.3 Long Blades
 + Level 8.3 Axes
 + Level 8.3 Maces & Flails
 + Level 8.3 Polearms
 + Level 8.3 Staves
 + Level 8.3 Ranged Weapons
 + Level 9.5 Throwing
 + Level 8.3 Armour
 + Level 8.8 Dodging
 + Level 11.3 Stealth
 + Level 8.3 Shields
 + Level 8.3 Unarmed Combat
 + Level 8.3 Spellcasting
 + Level 6.9 Conjurations
 + Level 6.9 Hexes
 + Level 6.9 Summonings
 + Level 6.9 Necromancy
 + Level 6.9 Translocations
 + Level 6.9 Transmutations
 + Level 6.9 Fire Magic
 + Level 6.9 Ice Magic
 + Level 6.9 Air Magic
 + Level 6.9 Earth Magic
 + Level 6.9 Poison Magic
 + Level 9.1 Invocations
 + Level 8.3 Evocations


You had 28 spell levels left.
You didn't know any spells.
Your spell library contained the following spells:

 Spells                   Type           Power      Damage    Failure   Level
 Beastly Appendage        Tmut           50%        N/A       11%         1
 Magic Dart               Conj           100%       1d8       11%         1
 Call Imp                 Summ           50%        N/A       16%         2
 Wereblood                Tmut           25%        N/A       16%         2
 Mephitic Cloud           Conj/Pois/Air  25%        N/A       28%         3
 Spider Form              Tmut/Pois      25%        N/A       28%         3


Dungeon Overview and Level Annotations

Branches:
Dungeon (9/15)             Temple (0/1) D:4            Lair (3/5) D:8
 Spider (0/4) Lair:2        Sewer (visited)          Bailey (visited)
  Swamp: Lair:2-3    Shoals: Lair:2-3       Orc: D:9-12

Altars:
Cheibriados
Gozag
Makhleb
Nemelex Xobeh
Qazlal
Ru
Trog
Uskayaw
Vehumet
Xom

Shops:
D:6 [:   D:9 [

Annotations:
D:8 come back with digging


Innate Abilities, Weirdness & Mutations

You have very sharp teeth.
Your uncanny sense of smell can sniff out nearby items.
Your experience applies equally to all skills.
You have a pair of horns on your head.
You are partially covered in large bone plates. (SH +4)
You are clumsy. (Dex -2)
You are frail. (-10% HP)
You are somewhat resistant to further mutation.
Your spells are a little harder to cast, but a little more powerful.


Message History

The bog body is almost destroyed.
You throw a stone.
The stone completely misses the bog body.
The bog body points at you and mumbles some strange words.
The bolt of cold hits you!
You throw a stone. The stone hits the bog body.
You destroy the bog body!
You have reached level 13!
You start resting.
A bog body is nearby!
You hit the bog body. You headbutt the bog body.
You bite the bog body, but do no damage.
The bog body is lightly damaged.
The bog body gestures at you while chanting.
The bolt of cold hits you!!
* * * LOW HITPOINT WARNING * * *
You are too injured to fight recklessly!
You are too injured to fight recklessly!
Okay, then.
Unknown command.
You feel much better. You block the bog body's attack.
You open the lid... ...and a juvenile shockfire beast leaps out!
The box is emptied!
The bog body casts a spell at you. The bolt of cold misses you.
Search for what [Enter for "alarm", or ? for help]? rC+ Unknown command.
Unknown command.
You hit the bog body. Lightning courses through the bog body!
Your headbutt misses the bog body.
You bite the bog body, but do no damage.
The bog body is moderately damaged.
The bog body touches you! The bog body freezes you!!
* * * LOW HITPOINT WARNING * * *
With a swish of your cloak, you release a cloud of fog.
You feel much better. The bog body touches you!
* * * LOW HITPOINT WARNING * * *
The bog body freezes you!!
You die...

...............♣♣~ ≈♣ ##### #
#..............♣♣n ♣~♣♣####.#.###
............P...♣~ .♣♣...........
..........#.PP..♣~♣.~♣..........>
P.....#.####....♣~..~♣........#..
###.#.### ##...♣~.♣~♣...#.#.P###
##### #..§§♣♣..♣♣.##.#####
#..§§§♣n.♣..#### ##<..§@♣..♣.##
#.....§Hn⌠⌠..†# .P......§...###
.....##....## ....# #.....# #...
##..P## ..# ##### ## #### ##.8.


You could see a bog body (ally target) and a friendly juvenile shockfire beast
(summoned).

Vanquished Creatures
  A catoblepas (Lair:3)
  A boulder beetle (Lair:2)
  A fire crab (Lair:1)
  A skyshark (Lair:3)
  Amaemon (Lair:1)
  A bog body (Lair:3)
  Pikel (D:4)
  4 orc knights (Bailey)
  A cyclops (D:8)
  An orange demon (Lair:1)
  A rime drake (Lair:1)
  9 cane toads
  A komodo dragon (Lair:1)
  2 trolls (D:9)
  8 blink frogs
  A hornet (D:8)
  A raiju (Lair:1)
  2 wyverns (Lair:1)
  23 yaks
  A steam dragon (D:6)
  Menkaure (D:7)
  6 water moccasins
  An ice beast (D:6)
  A sky beast (D:8)
  9 orc warriors
  A black bear (D:6)
  2 ogres
  2 centaurs
  4 wolves (Lair:1)
  7 bullfrogs
  8 kobold brigands
  2 scorpions
  4 killer bees (D:9)
  4 howler monkeys
  2 jellies
  7 orc priests
  3 hounds
  4 iguanas
  2 sleepcaps
  8 orc wizards
  8 gnolls
  12 adders
  4 river rats (Sewer)
  A white imp (D:6)
  2 worms
  4 dart slugs
  67 orcs
  17 ball pythons
  12 endoplasms
  8 giant cockroaches
  9 goblins
  7 hobgoblins
  4 jackals
  45 kobolds
  5 quokkas
  7 bats
  7 frilled lizards
  36 rats
395 creatures vanquished.

Notes
Turn   | Place    | Note
-------+----------+-------------------------------------------
     0 | D:1      | jfcaron the Gnoll Brigand began the quest for the Orb.
     0 | D:1      | Reached XP level 1. HP: 20/20 MP: 1/1
   226 | D:1      | Reached XP level 2. HP: 23/26 MP: 2/2
   588 | D:1      | Reached XP level 3. HP: 31/31 MP: 3/3
   681 | D:1      | Found a faded altar of an unknown god.
   685 | D:1      | Prayed at the altar of an unknown god.
   685 | D:1      | Became a worshipper of Xom the Fickle
   887 | D:1      | XOM: silly message
   999 | D:1      | XOM: noise
  1088 | D:2      | Reached skill level 1 in Invocations
  1156 | D:2      | XOM: silly message
  1163 | D:2      | Reached skill level 1 in Long Blades
  1163 | D:2      | Reached skill level 1 in Axes
  1163 | D:2      | Reached skill level 1 in Maces & Flails
  1163 | D:2      | Reached skill level 1 in Polearms
  1163 | D:2      | Reached skill level 1 in Staves
  1163 | D:2      | Reached skill level 1 in Ranged Weapons
  1163 | D:2      | Reached skill level 1 in Armour
  1163 | D:2      | Reached skill level 1 in Shields
  1163 | D:2      | Reached skill level 1 in Unarmed Combat
  1163 | D:2      | Reached skill level 1 in Spellcasting
  1163 | D:2      | Reached skill level 1 in Evocations
  1369 | D:2      | Reached XP level 4. HP: 31/38 MP: 5/5
  1544 | D:2      | Found a sacrificial altar of Ru.
  1583 | D:2      | Reached skill level 1 in Conjurations
  1583 | D:2      | Reached skill level 1 in Hexes
  1583 | D:2      | Reached skill level 1 in Summonings
  1583 | D:2      | Reached skill level 1 in Necromancy
  1583 | D:2      | Reached skill level 1 in Translocations
  1583 | D:2      | Reached skill level 1 in Transmutations
  1583 | D:2      | Reached skill level 1 in Fire Magic
  1583 | D:2      | Reached skill level 1 in Ice Magic
  1583 | D:2      | Reached skill level 1 in Air Magic
  1583 | D:2      | Reached skill level 1 in Earth Magic
  1583 | D:2      | Reached skill level 1 in Poison Magic
  1667 | D:2      | Reached XP level 5. HP: 28/43 MP: 7/7
  2232 | D:3      | Found a glowing drain.
  2242 | Sewer    | Entered a sewer
  2346 | Sewer    | XOM: god gift: +2 cloak of the Thief {*Fog Slay-2 SInv
                  | Stlth+}
  2347 | Sewer    | Found the +2 cloak of the Thief {*Fog Slay-2 SInv Stlth+}
  2381 | Sewer    | XOM: snakes to sticks
  2434 | Sewer    | Reached skill level 8 in Stealth
  2585 | Sewer    | Reached skill level 5 in Fighting
  2585 | Sewer    | Reached skill level 5 in Short Blades
  2585 | Sewer    | Reached skill level 5 in Throwing
  2585 | Sewer    | Reached XP level 6. HP: 36/51 MP: 7/9
  2603 | Sewer    | XOM: summons friendly crimson imp
  2779 | D:3      | XOM: give mutations
  2779 | D:3      | Gained mutation: You have a somewhat thin skeletal
                  | structure. (Dex +2, Stealth+) [Xom's grace]
  2779 | D:3      | Gained mutation: You have a pair of small horns on your
                  | head. [Xom's grace]
  2779 | D:3      | Gained mutation: Your spells are a little harder to cast,
                  | but a little more powerful. [Xom's grace]
  2779 | D:3      | Gained mutation: You are robust. (+10% HP) [Xom's grace]
  2960 | D:3      | Found a burning altar of Makhleb.
  3173 | D:3      | Found a sparkling altar of Nemelex Xobeh.
  3257 | D:3      | XOM: give mutation
  3257 | D:3      | Gained mutation: You possess an exceptional clarity of
                  | mind. [Xom's grace]
  3534 | D:4      | Reached XP level 7. HP: 51/61 MP: 10/10
  3654 | D:4      | Noticed Pikel
  3659 | D:4      | XOM: fog
  3672 | D:4      | Killed Pikel
  3673 | D:4      | Reached XP level 8. HP: 69/69 MP: 10/12
  3922 | D:4      | XOM: noise
  3955 | D:4      | XOM: 2-stop teleportation journey
  4131 | D:4      | XOM: cloud trail
  4133 | D:4      | XOM: noise
  4186 | D:4      | Found a staircase to the Ecumenical Temple.
  4287 | D:4      | XOM: cloud trail
  4478 | D:4      | Found a bloodstained altar of Trog.
  4481 | D:4      | Found a radiant altar of Vehumet.
  4570 | D:5      | Entered Level 5 of the Dungeon
  4574 | D:5      | XOM: 4-stop teleportation journey
  5037 | D:5      | Found a hide-covered altar of Uskayaw.
  5179 | D:5      | XOM: divination: magic mapping
  5507 | D:6      | XOM: potion effect (invisibility)
  5575 | D:6      | Found Qeboruf's Armour Emporium.
  5622 | D:6      | XOM: summons friendly white imp
  5624 | D:6      | Reached XP level 9. HP: 28/75 MP: 14/14
  5626 | D:6      | XOM: divination: magic mapping
  5644 | D:6      | XOM: god gift: 29 gold pieces
  5855 | D:6      | Found Suot's Book Emporium.
  5974 | D:6      | Reached skill level 5 in Dodging
  5976 | D:6      | XOM: 1-stop teleportation journey
  6094 | D:6      | Reached skill level 9 in Stealth
  6390 | D:6      | Bought a +1 scale mail of poison resistance for 143 gold
                  | pieces
  6504 | D:7      | Found a flagged portal.
  6538 | Bailey   | Entered a bailey
  6543 | Bailey   | XOM: silly message
  6573 | Bailey   | XOM: summons friendly ufetubus
  6576 | Bailey   | Reached skill level 5 in Invocations
  6637 | Bailey   | XOM: scenery: summon butterflies
  6761 | Bailey   | Reached skill level 10 in Stealth
  6761 | Bailey   | Reached skill level 5 in Conjurations
  6761 | Bailey   | Reached skill level 5 in Hexes
  6761 | Bailey   | Reached skill level 5 in Summonings
  6761 | Bailey   | Reached skill level 5 in Necromancy
  6761 | Bailey   | Reached skill level 5 in Translocations
  6761 | Bailey   | Reached skill level 5 in Transmutations
  6761 | Bailey   | Reached skill level 5 in Fire Magic
  6761 | Bailey   | Reached skill level 5 in Ice Magic
  6761 | Bailey   | Reached skill level 5 in Air Magic
  6761 | Bailey   | Reached skill level 5 in Earth Magic
  6761 | Bailey   | Reached skill level 5 in Poison Magic
  6761 | Bailey   | Reached XP level 10. HP: 88/88 MP: 15/19
  6786 | Bailey   | Noticed an orc knight
  6803 | Bailey   | Killed an orc knight
  6826 | Bailey   | Noticed an orc knight
  6826 | Bailey   | Noticed an orc knight
  6830 | Bailey   | XOM: cast spell 'Disjunction'
  6838 | Bailey   | Killed an orc knight
  6840 | Bailey   | Noticed an orc knight
  6842 | Bailey   | XOM: confuse monster(s)
  6847 | Bailey   | XOM: summons 2 friendly demons
  6848 | Bailey   | Killed an orc knight
  6849 | Bailey   | Reached XP level 11. HP: 94/94 MP: 20/20
  6872 | Bailey   | Killed an orc knight
  6996 | D:7      | XOM: blink monster(s)
  7065 | D:7      | XOM: scenery: create altars
  7289 | D:7      | Noticed Menkaure
  7295 | D:7      | Killed Menkaure
  7752 | D:8      | XOM: 1-stop teleportation journey
  7801 | D:8      | XOM: scenery: create altars
  7872 | D:8      | XOM: god gift: +1 broad axe of chaos
  7992 | D:8      | XOM: confuse monster(s)
  8082 | D:8      | Noticed a cyclops
  8102 | D:8      | Killed a cyclops
  8232 | D:8      | Found a stormy altar of Qazlal.
  8293 | D:8      | XOM: polymorph orc warrior -> howler monkey
  8329 | D:8      | XOM: god gift: scroll of teleportation
  8534 | D:8      | XOM: scenery: 1 doors close
  8542 | D:8      | Found a staircase to the Lair.
  8666 | D:8      | Found a snail-covered altar of Cheibriados.
  8803 | D:9      | XOM: fog
  8998 | D:9      | XOM: 2-stop teleportation journey
  9189 | D:9      | Found Saihur's Armour Shoppe.
  9207 | D:9      | Bought the +0 mask of the Dragon {Will+ Slay+3 SInv} for
                  | 334 gold pieces
  9207 | D:9      | Found the +0 mask of the Dragon {Will+ Slay+3 SInv}
  9341 | D:9      | XOM: god gift: potion of degeneration
  9380 | D:9      | Found an opulent altar of Gozag.
  9402 | D:9      | XOM: give mutations
  9402 | D:9      | Lost mutation: You are robust. (+10% HP) [Xom's mischief]
  9402 | D:9      | Gained mutation: You are frail. (-10% HP) [Xom's mischief]
  9402 | D:9      | Gained mutation: A frigid envelope surrounds you and
                  | freezes all who hurt you. [Xom's mischief]
  9441 | D:9      | XOM: divination: magic mapping
  9447 | D:9      | XOM: divination: detect creatures
  9601 | D:9      | XOM: scenery: 2 doors close
  9757 | Lair:1   | Entered Level 1 of the Lair of Beasts
  9811 | Lair:1   | XOM: noise
  9833 | Lair:1   | XOM: summons friendly iron imp
  9863 | Lair:1   | a yak changed into a fire crab
  9863 | Lair:1   | Noticed a fire crab
  9863 | Lair:1   | XOM: polymorph yak -> fire crab
  9866 | Lair:1   | XOM: enchant monster (good)
 10093 | Lair:1   | Killed a fire crab
 10131 | Lair:1   | XOM: summons friendly shadow imp
 10295 | Lair:1   | XOM: noise
 10316 | Lair:1   | XOM: blink monster(s)
 10317 | Lair:1   | XOM: enchant monster (bad)
 10325 | Lair:1   | Reached XP level 12. HP: 68/84 MP: 21/23
 10332 | Lair:1   | Noticed Amaemon
 10332 | Lair:1   | XOM: 3-stop teleportation journey
 10342 | Lair:1   | XOM: destruction
 10347 | Lair:1   | XOM: swap monsters
 10349 | Lair:1   | Killed Amaemon
 10462 | Lair:1   | XOM: summons friendly crimson imp
 10614 | Lair:1   | XOM: fake destruction
 10617 | Lair:1   | XOM: stat loss: -1 Dex (21/22)
 10642 | Lair:1   | XOM: summons 2 hostile shadow creatures
 10759 | Lair:1   | XOM: silly message
 10940 | Lair:1   | Reached skill level 11 in Stealth
 11113 | Lair:1   | XOM: give mutations
 11113 | Lair:1   | Gained mutation: You are clumsy. (Dex -2) [Xom's mischief]
 11113 | Lair:1   | Lost mutation: A frigid envelope surrounds you and freezes
                  | all who hurt you. [Xom's mischief]
 11174 | Lair:1   | XOM: polymorph blink frog -> raiju
 11175 | Lair:1   | XOM: fake destruction
 11181 | Lair:1   | XOM: smoke on damage
 11199 | Lair:1   | XOM: divination: detect items
 11354 | Lair:1   | XOM: cloud trail
 11446 | Lair:1   | XOM: give mutations
 11446 | Lair:1   | Gained mutation: You are partially covered in large bone
                  | plates. (SH +4) [Xom's grace]
 11446 | Lair:1   | Gained mutation: You have a pair of horns on your head.
                  | [Xom's grace]
 11557 | Lair:2   | XOM: destruction
 11566 | Lair:2   | XOM: enchant monster (bad)
 11690 | Lair:2   | XOM: enchant monster (good)
 11792 | Lair:2   | XOM: god gift: war axe {god gift}
 11794 | Lair:2   | XOM: 5-stop teleportation journey
 11860 | Lair:2   | Found a hole to the Spider Nest.
 12026 | Lair:2   | XOM: cast spell 'Leda's Liquefaction'
 12182 | Lair:2   | XOM: divination: detect creatures
 12185 | Lair:2   | Noticed a boulder beetle
 12198 | Lair:2   | Killed a boulder beetle
 12199 | Lair:2   | XOM: god gift: 2 boomerangs
 12213 | Lair:2   | XOM is BORED!
 12213 | Lair:2   | XOM: give mutations
 12213 | Lair:2   | Gained mutation: You are somewhat resistant to further
                  | mutation. [Xom's mischief]
 12213 | Lair:2   | Lost mutation: You possess an exceptional clarity of mind.
                  | [Xom's mischief]
 12213 | Lair:2   | Lost mutation: You have a somewhat thin skeletal structure.
                  | (Dex +2, Stealth+) [Xom's mischief]
 12546 | Lair:3   | Noticed a catoblepas
 12561 | Lair:3   | Killed a catoblepas
 12820 | Lair:3   | Noticed a skyshark
 12823 | Lair:3   | XOM: summons 5 friendly demons
 12825 | Lair:3   | XOM: stat loss: -1 Str (14/15)
 12834 | Lair:3   | Killed a skyshark
 12858 | Lair:3   | XOM: repel stairs
 12861 | Lair:3   | XOM: enchant monster (bad)
 12872 | Lair:3   | XOM: blink monster(s)
 13106 | Lair:3   | Reached XP level 13. HP: 47/90 MP: 25/25
 13108 | Lair:3   | HP: 17/90 [bog body/bolt of cold (31)]
 13111 | Lair:3   | HP: 8/90 [bog body (24)]
 13112 | Lair:3   | Mangled by a bog body

Illustrated notes

Levels and vault maps discovered:
D:1:      matt_arrival_spirals, layout_rooms, serial_aquarium,
          aquarium_bridge_long_joined [aquarium_subvault_wall,
          aquarium_subvault_bridge, aquarium_subvault_wall,
          aquarium_subvault_balcony, aquarium_subvault_window,
          aquarium_subvault_balcony], aquarium_bridge_straight
          [aquarium_subvault_bridge, aquarium_subvault_window,
          aquarium_subvault_bridge, aquarium_subvault_wall],
          aquarium_window_corner, aquarium_window_corner, aquarium_window_fake,
          aquarium_view_2a, nicolae_ecumenical_lake_church, minmay_box_of_dots
D:2:      layout_loops_ring, basic_altar, minmay_stone_trees_medium,
          st_stairs_9, grunt_ministairs_4, cheibrodos_gnoll_hut
D:3:      layout_basic, old_standard_altar, nemelex_altar_shiori,
          gup_sewer_entry_pipe
D:4:      layout_basic, chequers_temple_overflow_statue_of_worship,
          minmay_temple_entry_proselytizer, kennysheep_generic_room_4,
          uniq_pikel
D:5:      layout_basic, eat_drink_and_be_merry_uskayaw, kb_lookout_dungeons_type
D:6:      layout_basic, serial_shops, shop, shop
D:7:      layout_loops_ring, enter_bailey_6, patterned_corridor, uniq_menkaure
D:8:      layout_rooms, nicolae_qazlal_general_emergency,
          cheibrodos_worm_habitat, grunt_lair_entry_orc_guard_hut, serial_glass,
          glass_columns_c, glass_columns_a, glass_columns_a, glass_columns_c,
          glass_columns_b, glass_columns_a, glass_columns_a, glass_columns_b,
          glass_columns_c, glass_columns_a, minmay_strange_pillars,
          item_on_display_a, item_on_display_a, due_unseen_surprise,
          minmay_sticks_and_stones
D:9:      layout_gridville, nicolae_gozag_seed_capital, serial_shops, shop
Lair:1:   layout_concentric_octagons, grunt_megastairs_3, lemuel_fruit_tree,
          uniq_amaemon
Lair:2:   layout_chaotic_city, dummy_spider_entry, lemuel_old_faithful
Lair:3:   layout_cave_pods, nicolae_swamp_entry_splash_gauntlet, worms_lemuel,
          grunt_megastairs_1

Skill      XL: |  1  2  3  4  5  6  7  8  9 10 11 12 |
---------------+-------------------------------------+-----
Invocations    | 1 2 3 4 6 7 8 9 |  9.1
Long Blades    | 1 2 3 6 7 8 |  8.3
Axes           | 1 2 3 6 7 8 |  8.3
Maces & Flails | 1 2 3 6 7 8 |  8.3
Polearms       | 1 2 3 6 7 8 |  8.3
Staves         | 1 2 3 6 7 8 |  8.3
Ranged Weapons | 1 2 3 6 7 8 |  8.3
Armour         | 1 2 3 6 7 8 |  8.3
Shields        | 1 2 3 6 7 8 |  8.3
Unarmed Combat | 1 2 3 6 7 8 |  8.3
Spellcasting   | 1 2 3 6 7 8 |  8.3
Evocations     | 1 2 3 6 7 8 |  8.3
Conjurations   | 1 2 3 5 6 |  6.9
Hexes          | 1 2 3 5 6 |  6.9
Summonings     | 1 2 3 5 6 |  6.9
Necromancy     | 1 2 3 5 6 |  6.9
Translocations | 1 2 3 5 6 |  6.9
Transmutations | 1 2 3 5 6 |  6.9
Fire Magic     | 1 2 3 5 6 |  6.9
Ice Magic      | 1 2 3 5 6 |  6.9
Air Magic      | 1 2 3 5 6 |  6.9
Earth Magic    | 1 2 3 5 6 |  6.9
Poison Magic   | 1 2 3 5 6 |  6.9
Dodging        | 3 4 6 7 8 |  8.8
Stealth        | 8 10 11 | 11.3
Fighting       | 5 6 7 8 9 |  9.5
Short Blades   | 5 6 7 8 9 |  9.5
Throwing       | 5 6 7 8 9 |  9.5

Action                     |  1- 3 |  4- 6 |  7- 9 | 10-12 | 13-15 || total
---------------------------+-------+-------+-------+-------+-------++-------
  Melee: Dagger            |    40 |       |       |    22 |       ||    62
         Bite              |    13 |    24 |    56 |   126 |     2 ||   221
         Whip              |    51 |   270 |   388 |    37 |       ||   746
         Punch             |     2 |     3 |     6 |       |       ||    11
         Headbutt          |       |    11 |    96 |   199 |     1 ||   307
         Short sword       |       |       |       |   615 |     2 ||   617
  Throw: Stone             |    21 |       |    32 |   139 |       ||   192
         Dart              |     9 |    20 |    38 |   111 |       ||   178
         Javelin           |       |       |       |     3 |       ||     3
         Boomerang         |       |       |       |     5 |       ||     5
  Evoke: Wand              |       |       |     4 |     7 |       ||    11
         Box of beasts     |       |       |       |       |     1 ||     1
    Use: Scroll            |       |    11 |     7 |    13 |       ||    31
         Potion            |       |       |     1 |       |     2 ||     3
   Stab: Sleeping          |     6 |    16 |    15 |     5 |       ||    42
         Distracted        |       |     1 |       |     2 |       ||     3
         Invisible         |       |       |     1 |       |       ||     1
         Confused          |       |       |       |     1 |       ||     1
 Armour: Robe              |    18 |    25 |       |       |       ||    43
         Leather armour    |       |    57 |    26 |       |       ||    83
         Scale mail        |       |       |    19 |    60 |       ||    79
  Dodge: Dodged            |    69 |   343 |   218 |   177 |     1 ||   808
  Block: Other             |       |     2 |    24 |       |       ||    26
         Kite shield       |       |       |   250 |   449 |     1 ||   700
         Reflection        |       |       |     9 |    16 |       ||    25

Table legend: (Time is in decaauts)
 A = Elapsed time spent in this place.
 B = Non-inter-level travel time spent in this place.
 C = Inter-level travel time spent in this place.
 D = Time resting spent in this place.
 E = Time spent auto-exploring this place.
 F = Levels seen in this place.
 G = Mean time per level.
                   A        B        C        D        E       F      G
               +--------+--------+--------+--------+--------+-----+--------+
         Total |  12933 |  12312 |    621 |   1139 |   7755 |  14 |  923.8 |
       Dungeon |   8915 |   8377 |    538 |    582 |   5587 |   9 |  990.6 |
          Lair |   3043 |   2960 |     83 |    377 |   2012 |   3 | 1014.3 |
         Sewer |    564 |    564 |      0 |    103 |    151 |   1 |  564.0 |
        Bailey |    410 |    410 |      0 |     77 |      4 |   1 |  410.0 |
               +--------+--------+--------+--------+--------+-----+--------+

Top non-repeatable levels by time:
  Lair:1: 1659 daAuts
     D:8: 1307 daAuts
     D:6: 1154 daAuts
     D:2: 1069 daAuts
     D:1: 1065 daAuts
     D:4: 1048 daAuts
     D:3: 870 daAuts
     D:9: 859 daAuts
     D:7: 845 daAuts
  Lair:2: 773 daAuts
     D:5: 694 daAuts
  Lair:3: 610 daAuts
   Sewer: 564 daAuts
  Bailey: 410 daAuts

Table legend:
 A = Kills in this place as a percentage of kills in the entire game.
 B = Kills by you in this place as a percentage of kills by you in the entire game.
 C = Kills by friends in this place as a percentage of kills by friends in the entire game.
 D = Other kills in this place as a percentage of other kills in the entire game.
 E = Experience gained in this place as a percentage of experience gained in the entire game.
 F = Experience gained in this place divided by the number of levels of this place that you have seen.
                   A       B       C       D       E      F
               +-------+-------+-------+-------+-------+----------------------
         Total | 100.0 | 100.0 | 100.0 | 100.0 | 100.0 | 2035.3
       Dungeon |  66.0 |  66.1 |  50.0 | 100.0 |  28.8 | 911.8
          Lair |  14.7 |  14.6 |  25.0 |   0.0 |  59.8 | 5680.7
         Sewer |  12.2 |  12.0 |  25.0 |   0.0 |   1.1 | 309.0
        Bailey |   7.1 |   7.3 |   0.0 |   0.0 |  10.3 | 2937.0
               +-------+-------+-------+-------+-------+----------------------

Levels and vault maps discovered:
D:1:      matt_arrival_spirals, layout_rooms, serial_aquarium,
          aquarium_bridge_long_joined [aquarium_subvault_wall,
          aquarium_subvault_bridge, aquarium_subvault_wall,
          aquarium_subvault_balcony, aquarium_subvault_window,
          aquarium_subvault_balcony], aquarium_bridge_straight
          [aquarium_subvault_bridge, aquarium_subvault_window,
          aquarium_subvault_bridge, aquarium_subvault_wall],
          aquarium_window_corner, aquarium_window_corner, aquarium_window_fake,
          aquarium_view_2a, nicolae_ecumenical_lake_church, minmay_box_of_dots
D:2:      layout_loops_ring, basic_altar, minmay_stone_trees_medium,
          st_stairs_9, grunt_ministairs_4, cheibrodos_gnoll_hut
D:3:      layout_basic, old_standard_altar, nemelex_altar_shiori,
          gup_sewer_entry_pipe
D:4:      layout_basic, chequers_temple_overflow_statue_of_worship,
          minmay_temple_entry_proselytizer, kennysheep_generic_room_4,
          uniq_pikel
D:5:      layout_basic, eat_drink_and_be_merry_uskayaw, kb_lookout_dungeons_type
D:6:      layout_basic, serial_shops, shop, shop
D:7:      layout_loops_ring, enter_bailey_6, patterned_corridor, uniq_menkaure
D:8:      layout_rooms, nicolae_qazlal_general_emergency,
          cheibrodos_worm_habitat, grunt_lair_entry_orc_guard_hut, serial_glass,
          glass_columns_c, glass_columns_a, glass_columns_a, glass_columns_c,
          glass_columns_b, glass_columns_a, glass_columns_a, glass_columns_b,
          glass_columns_c, glass_columns_a, minmay_strange_pillars,
          item_on_display_a, item_on_display_a, due_unseen_surprise,
          minmay_sticks_and_stones
D:9:      layout_gridville, nicolae_gozag_seed_capital, serial_shops, shop
Lair:1:   layout_concentric_octagons, grunt_megastairs_3, lemuel_fruit_tree,
          uniq_amaemon
Lair:2:   layout_chaotic_city, dummy_spider_entry, lemuel_old_faithful
Lair:3:   layout_cave_pods, nicolae_swamp_entry_splash_gauntlet, worms_lemuel,
          grunt_megastairs_1
